National vs River Rats

Created - 14 janvier 2015 at 23:19

Goals
1 2 3 T
National 0 2 2 4
River Rats 1 4 3 8
Shots
1 2 3 T
National 17 12 13 42
River Rats 7 16 8 31

1st period

1. River Rats , Tomas Kubalik 1 (Michael Del Zotto, Martin Grenier) at 10:14

Penalties :
Tyler Bozak (Alb) for Tripping (Minor) at 13:19

2nd period

2. River Rats , Tyler Bozak 16 (Justin Schultz) at 0:08
3. River Rats , Matt Jones 3 (Peter Mueller, Andrej Meszaros) at 7:27 (PP)
4. River Rats , Kellan Lain 10 (Michael Del Zotto, Martin Grenier) at 13:51
5. National , Chris Mueller 5 (Magnus Paajarvi-Svensson, Igor Makarov) at 17:04
6. National , Pasi Salonen 16 (Jonathan Cheechoo) at 17:53
7. River Rats , Kellan Lain 11 (Patrick Maroon, Tomas Kubalik) at 18:22

Penalties :
Guillaume Desbiens (Que) for Delaying the game (Minor) at 5:48, Pat Dwyer (Que) for Tripping (Minor) at 14:44

3rd period

8. National , Guillaume Desbiens 26 (Rico Fata, Mikael Backlund) at 4:39
9. River Rats , Tyler Bozak 17 (Michael Del Zotto) at 6:41
10. River Rats , Jamie Arniel 12 (Michael Del Zotto, J.T. Brown) at 16:40
11. National , Pasi Salonen 17 (Cédric Lalonde-McNicoll, Dustin Kohn) at 17:27
12. River Rats , Tyler Bozak 18 (Andrej Meszaros, Justin Schultz) at 17:35

Penalties :
Michael Del Zotto (Alb) for Tripping (Minor) at 9:07, Tyler Bozak (Alb) for Holding (Minor) at 11:13

Goalie Stats

Tyler Plante (Que), 6 saves from 9 shots - (0,667), 21:38 minutes
Keith Kinkaid (Que), 17 saves from 22 shots - (0,773), L, 15-11-3, 38:22 minutes
Braden Holtby (Alb), 38 saves from 42 shots - (0,905), W, 12-14-2, 60:00 minutes

Players Stats for National

Player Name              G  A  P  +/- PIM S  H  SB GA TA FO     MP     PP MP  PK MP  
------------------------------------------------------------------------------------
Cédric Lalonde-McNicoll  0  1  1  -2  0   2  3  0  0  0  6/13   17:27   2:43   0:00 
Chris Mueller            1  0  1   1  0   1  0  0  0  0  2/3     6:59   0:07   0:00 
David Desharnais         0  0  0  -1  0   1  0  0  1  0  4/6    11:36   0:00   0:35 
Denis Bodrov             0  0  0   0  0   2  3  0  0  0  0/0    20:36   2:17   1:22 
Dustin Kohn              0  1  1   0  0   1  0  1  0  1  0/0    20:36   2:17   1:22 
Erik Gustafsson          0  0  0  -3  0   1  1  0  0  3  0/0    28:29   3:40   2:16 
Guillaume Desbiens       1  0  1  -1  2   6  5  0  1  1  0/0    21:24   3:07   0:31 
Igor Makarov             0  1  1   1  0   0  0  0  1  0  0/0     6:52   0:00   0:00 
Janne Niskala            0  0  0  -3  0   3  0  1  0  0  0/0    28:29   3:40   2:16 
Johannes Salmonsson      0  0  0  -1  0   1  1  0  0  0  2/2    11:24   0:15   0:00 
Jonathan Cheechoo        0  1  1  -2  0   5  3  1  0  1  0/0    18:24   2:43   0:57 
Magnus Paajarvi-Svensson 0  1  1   1  0   0  2  0  0  0  0/0     7:24   0:00   0:32 
Mikael Backlund          0  1  1  -1  0   5  4  0  0  0  22/43  23:02   3:09   2:09 
Pasi Salonen             2  0  2  -2  0   7  1  0  0  0  0/1    19:30   2:40   2:09 
Pat Dwyer                0  0  0  -1  2   1  1  0  0  0  1/1    11:24   0:00   0:23 
Philip Larsen            0  0  0   0  0   0  2  2  0  1  0/0    10:55   0:00   0:00 
Rico Fata                0  1  1  -1  0   5  3  0  2  1  1/3    20:54   3:07   0:00 
Ty Wishart               0  0  0   0  0   1  0  0  0  0  0/0    10:55   0:00   0:00 

Players Stats for River Rats

Player Name              G  A  P  +/- PIM S  H  SB GA TA FO     MP     PP MP  PK MP  
------------------------------------------------------------------------------------
Andrej Meszaros          0  2  2   2  0   3  4  2  0  2  0/0    27:56   1:31   2:52 
Brett Maclean            0  0  0   2  0   4  0  0  1  0  2/2    21:04   1:53   1:33 
Bryan Rodney             0  0  0  -1  0   0  0  0  0  0  0/0     3:55   0:00   0:00 
Damien Brunner           0  0  0   0  0   1  0  1  0  0  0/0     2:59   0:00   0:00 
J.T. Brown               0  1  1   0  0   0  1  0  0  0  1/1    10:21   0:33   0:00 
Jamie Arniel             1  0  1   0  0   2  1  1  1  0  2/10   13:46   0:00   3:20 
Justin Schultz           0  2  2   2  0   1  3  2  0  1  0/0    25:29   2:07   3:05 
Kellan Lain              2  0  2   1  0   3  2  0  1  0  1/4    19:11   1:23   1:54 
Lauri Korpikoski         0  0  0   0  0   0  0  0  0  0  0/0    10:20   0:00   1:13 
Martin Grenier           0  2  2   1  0   2  4  0  0  1  0/0    18:48   0:00   2:52 
Matt Jones               1  0  1   1  0   1  0  0  1  1  0/0    15:16   1:31   3:05 
Michael Del Zotto        0  4  4   0  2   1  1  3  1  0  0/0    18:22   2:07   0:00 
Patrick Maroon           0  1  1   1  0   0  1  1  0  0  0/0    12:11   0:00   0:00 
Pavel Valentenko         0  0  0   1  0   0  1  1  0  0  0/0    10:17   0:00   0:00 
Peter Mueller            0  1  1   0  0   2  0  1  0  0  6/12   13:47   1:45   0:22 
Pierre-Cédric Labrie     0  0  0   2  0   1  3  1  2  0  3/6    24:46   1:42   3:11 
Steve Quailer            0  0  0   0  0   0  2  0  0  0  0/0    13:25   1:45   0:00 
Tomas Kubalik            1  1  2   1  0   2  0  0  0  0  1/2    12:11   0:00   0:00 
Tyler Bozak              3  0  3   2  4   8  2  0  1  0  18/35  19:56   1:53   0:21 

3 Stars

1 - Tyler Bozak (Alb)
2 - Kellan Lain (Alb)
3 - Andrej Meszaros (Alb)

Power Play

National - 0 on 3 Attempt(s) - 0,00%
River Rats - 1 on 2 Attempt(s) - 50,00%

Penalty Kill

National - 1 on 2 Attempt(s) - 50,00% - Score 0 goal in Penalty Kill
River Rats - 3 on 3 Attempt(s) - 100,00% - Score 0 goal in Penalty Kill

Team Stat

National - Hits : 29 - Faceoff Wins : 38 - Blocked Shots : 5 - Penalty Minutes : 4
River Rats - Hits : 25 - Faceoff Wins : 34 - Blocked Shots : 13 - Penalty Minutes : 6

Official

Referees : Kimmerly Greg and Charron Francis
Linesman : Scott Cherrey and Jonny Murray

Game Notes

Damien Brunner is injured at 8:34 of 1st period (Sprained Left Knee)
Tyler Plante enters game at 18:22 of 2nd period
Tyler Bozak has scored a Hat Trick!

Finance

Level 1 -- Attendance: 1526 (76,30%) -- Ticket Income 53 410 $
Level 2 -- Attendance: 787 (78,70%) -- Ticket Income 11 805 $
Total Attendance: 2313 (77,10%)
Total Ticket Income: 65 215 $
Other Income: 3 261 $
Total Income: 68 476 $

National

5 vs 5 Forward 
   Center                   Left Wing                Right Wing               Time % Phy DF OF 
 1 Mikael Backlund          Rico Fata                Guillaume Desbiens       40     0   2  3  
 2 Cédric Lalonde-McNicoll  Pasi Salonen             Jonathan Cheechoo        30     0   2  3  
 3 David Desharnais         Johannes Salmonsson      Pat Dwyer                20     1   2  2  
 4 Chris Mueller            Magnus Paajarvi-Svensson Igor Makarov             10     1   2  2  

5 vs 5 Defense 
   Defense                  Defense                                           Time % Phy DF OF 
 1 Janne Niskala            Erik Gustafsson                                   40     1   2  2  
 2 Dustin Kohn              Denis Bodrov                                      30     1   2  2  
 3 Philip Larsen            Ty Wishart                                        20     1   2  2  
 4 Janne Niskala            Erik Gustafsson                                   10     1   2  2  

PowerPlay Forward 
   Center                   Left Wing                Right Wing               Time % Phy DF OF 
 1 Mikael Backlund          Rico Fata                Guillaume Desbiens       60     0   1  4  
 2 Cédric Lalonde-McNicoll  Pasi Salonen             Jonathan Cheechoo        40     0   1  4  

PowerPlay Defense
   Defense                  Defense                                           Time % Phy DF OF 
 1 Janne Niskala            Erik Gustafsson                                   60     0   2  3  
 2 Dustin Kohn              Denis Bodrov                                      40     0   2  3  

Penalty Kill 4 Players Forward 
   Center                   Wing                     Time % Phy DF OF 
 1 Mikael Backlund          Pasi Salonen             60     1   2  2  
 2 Guillaume Desbiens       Jonathan Cheechoo        40     1   2  2  

Penalty Kill 4 Players Defense
   Defense                  Defense                  Time % Phy DF OF 
 1 Janne Niskala            Erik Gustafsson          60     1   2  2  
 2 Dustin Kohn              Denis Bodrov             40     1   2  2  

Penalty Kill - 3 Players Forward 
   Forward                                           Time % Phy DF OF 
 1 Mikael Backlund                                   60     1   2  2  
 2 Pasi Salonen                                      40     1   2  2  

Penalty Kill - 3 Players Defense
   Defense                  Defense                  Time % Phy DF OF 
 1 Janne Niskala            Erik Gustafsson          60     1   2  2  
 2 Dustin Kohn              Denis Bodrov             40     1   2  2  

4 vs 4 Forward 
   Center                   Wing                     Time % Phy DF OF 
 1 Mikael Backlund          Pasi Salonen             60     0   2  3  
 2 Cédric Lalonde-McNicoll  Jonathan Cheechoo        40     0   2  3  

4 vs 4 Defense
   Defense                  Defense                  Time % Phy DF OF 
 1 Janne Niskala            Erik Gustafsson          60     1   2  2  
 2 Dustin Kohn              Denis Bodrov             40     1   2  2  

Last Minutes Offensive
   Center                   Left Wing                Right Wing               Defense                  Defense                  
   Mikael Backlund          Rico Fata                Guillaume Desbiens       Janne Niskala            Erik Gustafsson          

Last Minutes Defensive
   Center                   Left Wing                Right Wing               Defense                  Defense                  
   Mikael Backlund          Rico Fata                Guillaume Desbiens       Janne Niskala            Erik Gustafsson          

Goaltenders
Starting : Keith Kinkaid            
Backup : Tyler Plante             

Extra Forwards
Normal : Johannes Salmonsson, Chris Mueller, Pat Dwyer - PP : Johannes Salmonsson, Chris Mueller - PK : Pat Dwyer
Extra Defensemen
Normal : Philip Larsen, Erik Gustafsson, Dustin Kohn - PP : Philip Larsen - PK : Erik Gustafsson, Dustin Kohn
Penalty Shots
Rico Fata, Pasi Salonen, Guillaume Desbiens, Jonathan Cheechoo, Mikael Backlund

River Rats

5 vs 5 Forward 
   Center                   Left Wing                Right Wing               Time % Phy DF OF 
 1 Tyler Bozak              Brett Maclean            Damien Brunner           40     1   2  2  
 2 Peter Mueller            Pierre-Cédric Labrie     Steve Quailer            30     1   2  2  
 3 Kellan Lain              Patrick Maroon           Tomas Kubalik            20     1   2  2  
 4 Jamie Arniel             Lauri Korpikoski         J.T. Brown               10     1   2  2  

5 vs 5 Defense 
   Defense                  Defense                                           Time % Phy DF OF 
 1 Justin Schultz           Andrej Meszaros                                   40     1   2  2  
 2 Martin Grenier           Michael Del Zotto                                 30     1   2  2  
 3 Matt Jones               Pavel Valentenko                                  20     1   2  2  
 4 Bryan Rodney             Andrej Meszaros                                   10     1   2  2  

PowerPlay Forward 
   Center                   Left Wing                Right Wing               Time % Phy DF OF 
 1 Tyler Bozak              Brett Maclean            Damien Brunner           60     1   2  2  
 2 Peter Mueller            Pierre-Cédric Labrie     Steve Quailer            40     1   2  2  

PowerPlay Defense
   Defense                  Defense                                           Time % Phy DF OF 
 1 Justin Schultz           Michael Del Zotto                                 60     1   2  2  
 2 Andrej Meszaros          Matt Jones                                        40     1   2  2  

Penalty Kill 4 Players Forward 
   Center                   Wing                     Time % Phy DF OF 
 1 Jamie Arniel             Pierre-Cédric Labrie     60     1   2  2  
 2 Tyler Bozak              Brett Maclean            40     1   2  2  

Penalty Kill 4 Players Defense
   Defense                  Defense                  Time % Phy DF OF 
 1 Martin Grenier           Andrej Meszaros          60     1   2  2  
 2 Justin Schultz           Matt Jones               40     1   2  2  

Penalty Kill - 3 Players Forward 
   Forward                                           Time % Phy DF OF 
 1 Pierre-Cédric Labrie                              60     1   2  2  
 2 Jamie Arniel                                      40     1   2  2  

Penalty Kill - 3 Players Defense
   Defense                  Defense                  Time % Phy DF OF 
 1 Martin Grenier           Andrej Meszaros          60     1   2  2  
 2 Justin Schultz           Matt Jones               40     1   2  2  

4 vs 4 Forward 
   Center                   Wing                     Time % Phy DF OF 
 1 Peter Mueller            Pierre-Cédric Labrie     60     1   2  2  
 2 Tyler Bozak              Brett Maclean            40     1   2  2  

4 vs 4 Defense
   Defense                  Defense                  Time % Phy DF OF 
 1 Michael Del Zotto        Andrej Meszaros          60     1   2  2  
 2 Justin Schultz           Martin Grenier           40     1   2  2  

Last Minutes Offensive
   Center                   Left Wing                Right Wing               Defense                  Defense                  
   Tyler Bozak              Brett Maclean            Damien Brunner           Justin Schultz           Andrej Meszaros          

Last Minutes Defensive
   Center                   Left Wing                Right Wing               Defense                  Defense                  
   Tyler Bozak              Pierre-Cédric Labrie     Damien Brunner           Justin Schultz           Andrej Meszaros          

Goaltenders
Starting : Braden Holtby            
Backup : Allen York               

Extra Forwards
Normal : Pierre-Cédric Labrie, Kellan Lain, Jamie Arniel - PP : Pierre-Cédric Labrie, Kellan Lain - PK : Jamie Arniel
Extra Defensemen
Normal : Michael Del Zotto, Pavel Valentenko, Justin Schultz - PP : Michael Del Zotto - PK : Pavel Valentenko, Justin Schultz
Penalty Shots
Pierre-Cédric Labrie, Peter Mueller, Tyler Bozak, Brett Maclean, Damien Brunner

% Time on Ice - National

Lines # - Real PCT - Wanted PCT - Time Play
Normal Forward
1 - 35% - 40% - 17:48
2 - 29% - 30% - 14:44
3 - 22% - 20% - 11:01
4 - 14% - 10% - 6:52
Normal Defense
1 - 39% - 40% - 19:52
2 - 34% - 30% - 16:57
3 - 22% - 20% - 10:55
4 - 5% - 10% - 2:41
PP Forward
1 - 54% - 60% - 3:14
2 - 46% - 40% - 2:43
PP Defense
1 - 62% - 60% - 3:40
2 - 38% - 40% - 2:17
PK Forward
1 - 74% - 60% - 2:41
2 - 26% - 40% - 0:57
PK Defense
1 - 62% - 60% - 2:16
2 - 38% - 40% - 1:22
PK3 Forward
1 - 0% - 60%
2 - 0% - 40%
PK3 Defense
1 - 0% - 60%
2 - 0% - 40%
44 Forward
1 - 0% - 60%
2 - 0% - 40%
44 Defense
1 - 0% - 60%
2 - 0% - 40%
Last Minute Offensive  - 0:00
Last Minute Defensive  - 0:00
Total
Forward - 60:00
Defense - 60:00

% Time on Ice - River Rats

Lines # - Real PCT - Wanted PCT - Time Play
Normal Forward
1 - 35% - 40% - 17:48
2 - 23% - 30% - 11:40
3 - 24% - 20% - 12:11
4 - 17% - 10% - 8:46
Normal Defense
1 - 40% - 40% - 19:59
2 - 32% - 30% - 16:14
3 - 20% - 20% - 10:17
4 - 8% - 10% - 3:55
PP Forward
1 - 52% - 60% - 1:53
2 - 48% - 40% - 1:45
PP Defense
1 - 58% - 60% - 2:07
2 - 42% - 40% - 1:31
PK Forward
1 - 74% - 60% - 4:24
2 - 26% - 40% - 1:33
PK Defense
1 - 48% - 60% - 2:52
2 - 52% - 40% - 3:05
PK3 Forward
1 - 0% - 60%
2 - 0% - 40%
PK3 Defense
1 - 0% - 60%
2 - 0% - 40%
44 Forward
1 - 0% - 60%
2 - 0% - 40%
44 Defense
1 - 0% - 60%
2 - 0% - 40%
Last Minute Offensive  - 0:00
Last Minute Defensive  - 0:00
Total
Forward - 60:00
Defense - 60:00

Play by Play

1st period


0:01 of 1st period - Mikael Backlund wins face-off versus Tyler Bozak in neutral zone.
0:31 of 1st period - Slapshot by Jonathan Cheechoo.
0:31 of 1st period - Stopped by Braden Holtby with a rebound.
0:46 of 1st period - Off-side.
0:47 of 1st period - Pat Dwyer wins face-off versus Kellan Lain in neutral zone.
1:41 of 1st period - Matt Jones is hit by Pat Dwyer and loses puck.
2:04 of 1st period - Wrist shot by Johannes Salmonsson.
2:04 of 1st period - Shot Blocked by Pavel Valentenko.
2:06 of 1st period - Slapshot by Denis Bodrov.
2:06 of 1st period - Stopped by Braden Holtby without a rebound.
2:07 of 1st period - Mikael Backlund wins face-off versus Tyler Bozak in River Rats zone.
2:22 of 1st period - Wrist shot by Tyler Bozak.
2:22 of 1st period - Stopped by Keith Kinkaid without a rebound.
2:23 of 1st period - Cédric Lalonde-McNicoll wins face-off versus Peter Mueller in National zone.
2:32 of 1st period - Snap shot by Peter Mueller.
2:32 of 1st period - Shot Misses the Net.
2:40 of 1st period - Pierre-Cédric Labrie is hit by Jonathan Cheechoo.
2:52 of 1st period - Snap shot by Brett Maclean.
2:52 of 1st period - Stopped by Keith Kinkaid with a rebound.
2:54 of 1st period - Slapshot by Martin Grenier.
2:54 of 1st period - Shot Misses the Net.
2:56 of 1st period - Snap shot by Damien Brunner.
2:56 of 1st period - Shot Misses the Net.
2:58 of 1st period - Slapshot by Brett Maclean.
2:58 of 1st period - Stopped by Keith Kinkaid with a rebound.
3:00 of 1st period - Wrist shot by Damien Brunner.
3:00 of 1st period - Stopped by Keith Kinkaid without a rebound.
3:01 of 1st period - Chris Mueller wins face-off versus Jamie Arniel in National zone.
3:52 of 1st period - Cédric Lalonde-McNicoll is hit by Michael Del Zotto and loses puck.
4:07 of 1st period - Snap shot by Jonathan Cheechoo.
4:07 of 1st period - Shot Misses the Net.
4:09 of 1st period - Slapshot by Philip Larsen.
4:09 of 1st period - Shot Blocked by Andrej Meszaros.
4:11 of 1st period - Wrist shot by David Desharnais.
4:11 of 1st period - Stopped by Braden Holtby without a rebound.
4:12 of 1st period - Johannes Salmonsson wins face-off versus Tyler Bozak in River Rats zone.
4:37 of 1st period - Pierre-Cédric Labrie is hit by Guillaume Desbiens and loses puck.
4:42 of 1st period - Wrist shot by Rico Fata.
4:42 of 1st period - Shot Misses the Net.
4:45 of 1st period - Icing by Peter Mueller.
4:46 of 1st period - Pierre-Cédric Labrie wins face-off versus Rico Fata in River Rats zone.
4:57 of 1st period - Mikael Backlund is hit by Steve Quailer and loses puck.
5:20 of 1st period - Snap shot by Pasi Salonen.
5:20 of 1st period - Stopped by Braden Holtby without a rebound.
5:21 of 1st period - Tyler Bozak wins face-off versus Chris Mueller in River Rats zone.
5:46 of 1st period - Erik Gustafsson is hit by Justin Schultz and loses puck.
6:15 of 1st period - Cédric Lalonde-McNicoll is hit by Steve Quailer and loses puck.
6:26 of 1st period - Steve Quailer is hit by Jonathan Cheechoo and loses puck.
6:41 of 1st period - Wrist shot by Pat Dwyer.
6:41 of 1st period - Stopped by Braden Holtby without a rebound.
6:42 of 1st period - Tyler Bozak wins face-off versus David Desharnais in River Rats zone.
7:07 of 1st period - Wrist shot by Pat Dwyer.
7:07 of 1st period - Shot Misses the Net.
7:30 of 1st period - Snap shot by Cédric Lalonde-McNicoll.
7:30 of 1st period - Stopped by Braden Holtby with a rebound.
7:32 of 1st period - Wrist shot by Pasi Salonen.
7:32 of 1st period - Shot Blocked by Michael Del Zotto.
7:34 of 1st period - Slapshot by Denis Bodrov.
7:34 of 1st period - Stopped by Braden Holtby with a rebound.
7:36 of 1st period - Wrist shot by Pasi Salonen.
7:36 of 1st period - Shot Misses the Net.
7:40 of 1st period - Snap shot by Jonathan Cheechoo.
7:40 of 1st period - Deflect By Pasi Salonen.
7:40 of 1st period - Shot Blocked by Patrick Maroon.
7:40 of 1st period - Puck is out of play.
7:41 of 1st period - Chris Mueller wins face-off versus Tyler Bozak in River Rats zone.
7:44 of 1st period - Slapshot by Igor Makarov.
7:44 of 1st period - Shot Misses the Net.
7:56 of 1st period - Slapshot by Tyler Bozak.
7:56 of 1st period - Shot Misses the Net.
8:03 of 1st period - Icing by Erik Gustafsson.
8:04 of 1st period - Peter Mueller wins face-off versus Mikael Backlund in National zone.
8:17 of 1st period - Wrist shot by Peter Mueller.
8:17 of 1st period - Stopped by Keith Kinkaid without a rebound.
8:18 of 1st period - Tyler Bozak wins face-off versus Cédric Lalonde-McNicoll in National zone.
8:25 of 1st period - Cédric Lalonde-McNicoll is hit by Justin Schultz and loses puck.
8:34 of 1st period - Snap shot by Janne Niskala.
8:34 of 1st period - Shot Blocked by Damien Brunner.
8:34 of 1st period - Damien Brunner from River Rats is injured at 8:34 of 1st period (Sprained Left Knee).
8:35 of 1st period - Tyler Bozak wins face-off versus Mikael Backlund in River Rats zone.
8:42 of 1st period - Snap shot by Guillaume Desbiens.
8:42 of 1st period - Shot Misses the Net.
8:44 of 1st period - Wrist shot by Rico Fata.
8:44 of 1st period - Shot Misses the Net.
8:46 of 1st period - Snap shot by Erik Gustafsson.
8:46 of 1st period - Shot Misses the Net.
9:02 of 1st period - Icing by Pasi Salonen.
9:03 of 1st period - Cédric Lalonde-McNicoll wins face-off versus Kellan Lain in National zone.
9:10 of 1st period - Tomas Kubalik is hit by Cédric Lalonde-McNicoll and loses puck.
9:23 of 1st period - Wrist shot by Cédric Lalonde-McNicoll.
9:23 of 1st period - Stopped by Braden Holtby with a rebound.
9:29 of 1st period - Pasi Salonen is hit by Kellan Lain and loses puck.
9:40 of 1st period - Slapshot by Michael Del Zotto.
9:40 of 1st period - Shot Blocked by Philip Larsen.
10:12 of 1st period - Snap shot by Michael Del Zotto.
10:12 of 1st period - Shot Blocked by Philip Larsen.
10:14 of 1st period - Snap shot by Tomas Kubalik.
10:14 of 1st period - Goal by Tomas Kubalik - National : 0 - River Rats : 1.
10:15 of 1st period - Tyler Bozak wins face-off versus Mikael Backlund in neutral zone.
10:40 of 1st period - Janne Niskala is hit by J.T. Brown and loses puck.
11:01 of 1st period - Johannes Salmonsson is hit by Pierre-Cédric Labrie and loses puck.
11:20 of 1st period - Andrej Meszaros is hit by Rico Fata and loses puck.
11:27 of 1st period - Wrist shot by Mikael Backlund.
11:27 of 1st period - Stopped by Braden Holtby with a rebound.
12:12 of 1st period - Snap shot by Peter Mueller.
12:12 of 1st period - Shot Misses the Net.
12:37 of 1st period - Andrej Meszaros is hit by Cédric Lalonde-McNicoll and loses puck.
13:12 of 1st period - Snap shot by Peter Mueller.
13:12 of 1st period - Stopped by Keith Kinkaid without a rebound.
13:13 of 1st period - David Desharnais wins face-off versus Tyler Bozak in National zone.
13:19 of 1st period - Minor Penalty to Tyler Bozak for Tripping.
13:20 of 1st period - Mikael Backlund wins face-off versus Jamie Arniel in River Rats zone.
13:20 of 1st period - Snap shot by Rico Fata.
13:20 of 1st period - Stopped by Braden Holtby with a rebound.
13:34 of 1st period - Slapshot by Mikael Backlund.
13:34 of 1st period - Shot Blocked by Justin Schultz.
14:43 of 1st period - Pasi Salonen is hit by Martin Grenier and loses puck.
15:19 of 1st period - Penalty to Tyler Bozak is over, Tyler Bozak is back on ice.
15:50 of 1st period - Snap shot by Pat Dwyer.
15:50 of 1st period - Shot Blocked by Michael Del Zotto.
15:52 of 1st period - Slapshot by Erik Gustafsson.
15:52 of 1st period - Stopped by Braden Holtby without a rebound.
15:53 of 1st period - Tyler Bozak wins face-off versus David Desharnais in River Rats zone.
16:30 of 1st period - Patrick Maroon is hit by Guillaume Desbiens and loses puck.
16:37 of 1st period - Ty Wishart is hit by Andrej Meszaros and loses puck.
16:54 of 1st period - Snap shot by Pasi Salonen.
16:54 of 1st period - Stopped by Braden Holtby without a rebound.
16:55 of 1st period - Tyler Bozak wins face-off versus Pasi Salonen in River Rats zone.
16:55 of 1st period - Tyler Bozak is hit by Denis Bodrov.
17:26 of 1st period - Wrist shot by Guillaume Desbiens.
17:26 of 1st period - Stopped by Braden Holtby with a rebound.
17:28 of 1st period - Snap shot by Rico Fata.
17:28 of 1st period - Stopped by Braden Holtby without a rebound.
17:29 of 1st period - Jamie Arniel wins face-off versus Mikael Backlund in River Rats zone.
17:29 of 1st period - Jamie Arniel is hit by Mikael Backlund.
17:37 of 1st period - Justin Schultz is hit by Guillaume Desbiens and loses puck.
17:53 of 1st period - Andrej Meszaros is hit by Guillaume Desbiens and loses puck.
18:21 of 1st period - Wrist shot by Mikael Backlund.
18:21 of 1st period - Stopped by Braden Holtby without a rebound.
18:22 of 1st period - Cédric Lalonde-McNicoll wins face-off versus Tyler Bozak in River Rats zone.
18:27 of 1st period - Wrist shot by Jonathan Cheechoo.
18:27 of 1st period - Stopped by Braden Holtby without a rebound.
18:28 of 1st period - Tyler Bozak wins face-off versus Cédric Lalonde-McNicoll in River Rats zone.
19:13 of 1st period - Matt Jones is hit by Denis Bodrov and loses puck.
19:18 of 1st period - Wrist shot by Dustin Kohn.
19:18 of 1st period - Stopped by Braden Holtby with a rebound.
19:26 of 1st period - Snap shot by Dustin Kohn.
19:26 of 1st period - Shot Blocked by Pierre-Cédric Labrie.
19:38 of 1st period - Erik Gustafsson is hit by Pavel Valentenko.
19:44 of 1st period - Slapshot by Tyler Bozak.
19:44 of 1st period - Shot Misses the Net.
Goals for this period are 0 for National vs 1 for River Rats.
Shots for this period are 17 for National vs 7 for River Rats.

2nd period


0:01 of 2nd period - Tyler Bozak wins face-off versus Mikael Backlund in neutral zone.
0:08 of 2nd period - Slapshot by Tyler Bozak.
0:08 of 2nd period - Goal by Tyler Bozak - National : 0 - River Rats : 2.
0:09 of 2nd period - Mikael Backlund wins face-off versus Peter Mueller in neutral zone.
0:37 of 2nd period - Backhand shot by Guillaume Desbiens.
0:37 of 2nd period - Stopped by Braden Holtby with a rebound.
0:39 of 2nd period - Wrist shot by Cédric Lalonde-McNicoll.
0:39 of 2nd period - Shot Misses the Net.
0:41 of 2nd period - Snap shot by Pasi Salonen.
0:41 of 2nd period - Deflect By Jonathan Cheechoo.
0:41 of 2nd period - Shot Misses the Net.
0:41 of 2nd period - Puck is out of play.
0:42 of 2nd period - Pierre-Cédric Labrie wins face-off versus Cédric Lalonde-McNicoll in River Rats zone.
0:51 of 2nd period - Snap shot by Jonathan Cheechoo.
0:51 of 2nd period - Stopped by Braden Holtby without a rebound.
0:52 of 2nd period - Mikael Backlund wins face-off versus Tyler Bozak in River Rats zone.
1:01 of 2nd period - Snap shot by Rico Fata.
1:01 of 2nd period - Stopped by Braden Holtby with a rebound.
1:03 of 2nd period - Snap shot by Mikael Backlund.
1:03 of 2nd period - Stopped by Braden Holtby without a rebound.
1:04 of 2nd period - Mikael Backlund wins face-off versus Pierre-Cédric Labrie in River Rats zone.
2:49 of 2nd period - Snap shot by Brett Maclean.
2:49 of 2nd period - Stopped by Keith Kinkaid with a rebound.
3:47 of 2nd period - Slapshot by Martin Grenier.
3:47 of 2nd period - Stopped by Keith Kinkaid with a rebound.
3:49 of 2nd period - Wrist shot by Tyler Bozak.
3:49 of 2nd period - Stopped by Keith Kinkaid with a rebound.
3:51 of 2nd period - Slapshot by Martin Grenier.
3:51 of 2nd period - Stopped by Keith Kinkaid with a rebound.
4:23 of 2nd period - Snap shot by Jamie Arniel.
4:23 of 2nd period - Deflect By J.T. Brown.
4:23 of 2nd period - Shot Misses the Net.
4:23 of 2nd period - Puck is out of play.
4:24 of 2nd period - J.T. Brown wins face-off versus Mikael Backlund in National zone.
4:49 of 2nd period - Jonathan Cheechoo is hit by Andrej Meszaros and loses puck.
5:00 of 2nd period - Wrist shot by Brett Maclean.
5:00 of 2nd period - Shot Misses the Net.
5:48 of 2nd period - Minor Penalty to Guillaume Desbiens for Delaying the game.
5:49 of 2nd period - Mikael Backlund wins face-off versus Tyler Bozak in National zone.
6:57 of 2nd period - Kellan Lain is hit by Mikael Backlund and loses puck.
7:10 of 2nd period - Justin Schultz is hit by Magnus Paajarvi-Svensson and loses puck.
7:27 of 2nd period - Slapshot by Matt Jones.
7:27 of 2nd period - Goal by Matt Jones - National : 0 - River Rats : 3.
7:28 of 2nd period - Mikael Backlund wins face-off versus Tyler Bozak in neutral zone.
7:39 of 2nd period - Wrist shot by Pierre-Cédric Labrie.
7:39 of 2nd period - Stopped by Keith Kinkaid without a rebound.
7:40 of 2nd period - Rico Fata wins face-off versus Tyler Bozak in National zone.
7:40 of 2nd period - Rico Fata is hit by Tyler Bozak.
8:06 of 2nd period - Brett Maclean is hit by Johannes Salmonsson.
9:15 of 2nd period - Snap shot by Mikael Backlund.
9:15 of 2nd period - Stopped by Braden Holtby without a rebound.
9:16 of 2nd period - Peter Mueller wins face-off versus Mikael Backlund in River Rats zone.
9:25 of 2nd period - Snap shot by Guillaume Desbiens.
9:25 of 2nd period - Stopped by Braden Holtby without a rebound.
9:26 of 2nd period - Mikael Backlund wins face-off versus Tyler Bozak in River Rats zone.
10:21 of 2nd period - Backhand shot by Janne Niskala.
10:21 of 2nd period - Stopped by Braden Holtby without a rebound.
10:22 of 2nd period - Tyler Bozak wins face-off versus Mikael Backlund in River Rats zone.
10:31 of 2nd period - Wrist shot by Tyler Bozak.
10:31 of 2nd period - Stopped by Keith Kinkaid with a rebound.
10:33 of 2nd period - Snap shot by Andrej Meszaros.
10:33 of 2nd period - Shot Misses the Net.
10:35 of 2nd period - Slapshot by Andrej Meszaros.
10:35 of 2nd period - Stopped by Keith Kinkaid without a rebound.
10:36 of 2nd period - Cédric Lalonde-McNicoll wins face-off versus Tyler Bozak in National zone.
10:45 of 2nd period - Brett Maclean is hit by Philip Larsen and loses puck.
11:00 of 2nd period - Justin Schultz is hit by Guillaume Desbiens and loses puck.
11:07 of 2nd period - Slapshot by Andrej Meszaros.
11:07 of 2nd period - Stopped by Keith Kinkaid with a rebound.
11:09 of 2nd period - Slapshot by Martin Grenier.
11:09 of 2nd period - Shot Misses the Net.
11:41 of 2nd period - Erik Gustafsson is hit by Martin Grenier.
11:49 of 2nd period - Snap shot by Tyler Bozak.
11:49 of 2nd period - Stopped by Keith Kinkaid with a rebound.
12:52 of 2nd period - Steve Quailer is hit by Denis Bodrov and loses puck.
12:59 of 2nd period - Pavel Valentenko is hit by Mikael Backlund and loses puck.
13:16 of 2nd period - Wrist shot by Jamie Arniel.
13:16 of 2nd period - Stopped by Keith Kinkaid with a rebound.
13:28 of 2nd period - Snap shot by Jonathan Cheechoo.
13:28 of 2nd period - Stopped by Braden Holtby without a rebound.
13:29 of 2nd period - Tomas Kubalik wins face-off versus Cédric Lalonde-McNicoll in River Rats zone.
13:34 of 2nd period - Jonathan Cheechoo is hit by Martin Grenier and loses puck.
13:47 of 2nd period - Slapshot by Michael Del Zotto.
13:47 of 2nd period - Shot Misses the Net.
13:49 of 2nd period - Slapshot by Michael Del Zotto.
13:49 of 2nd period - Shot Blocked by Jonathan Cheechoo.
13:51 of 2nd period - Wrist shot by Kellan Lain.
13:51 of 2nd period - Goal by Kellan Lain - National : 0 - River Rats : 4.
13:52 of 2nd period - Mikael Backlund wins face-off versus Peter Mueller in neutral zone.
13:54 of 2nd period - Off-side.
13:55 of 2nd period - Peter Mueller wins face-off versus Mikael Backlund in neutral zone.
14:08 of 2nd period - Wrist shot by Guillaume Desbiens.
14:08 of 2nd period - Shot Misses the Net.
14:10 of 2nd period - Snap shot by Mikael Backlund.
14:10 of 2nd period - Shot Blocked by Andrej Meszaros.
14:44 of 2nd period - Minor Penalty to Pat Dwyer for Tripping.
14:45 of 2nd period - Mikael Backlund wins face-off versus Tyler Bozak in National zone.
14:45 of 2nd period - Mikael Backlund is hit by Pierre-Cédric Labrie.
15:16 of 2nd period - Erik Gustafsson is hit by Pierre-Cédric Labrie and loses puck.
16:14 of 2nd period - J.T. Brown is hit by Magnus Paajarvi-Svensson and loses puck.
16:18 of 2nd period - Icing by Justin Schultz.
16:19 of 2nd period - Mikael Backlund wins face-off versus Tyler Bozak in River Rats zone.
16:44 of 2nd period - Penalty to Pat Dwyer is over, Pat Dwyer is back on ice.
17:04 of 2nd period - Snap shot by Magnus Paajarvi-Svensson.
17:04 of 2nd period - Deflect By Chris Mueller.
17:04 of 2nd period - Goal by Chris Mueller - National : 1 - River Rats : 4.
17:05 of 2nd period - Johannes Salmonsson wins face-off versus Peter Mueller in neutral zone.
17:30 of 2nd period - Tyler Bozak is hit by Mikael Backlund and loses puck.
17:35 of 2nd period - Slapshot by Mikael Backlund.
17:35 of 2nd period - Stopped by Braden Holtby with a rebound.
17:37 of 2nd period - Snap shot by Guillaume Desbiens.
17:37 of 2nd period - Shot Misses the Net.
17:39 of 2nd period - Slapshot by Denis Bodrov.
17:39 of 2nd period - Shot Misses the Net.
17:53 of 2nd period - Snap shot by Pasi Salonen.
17:53 of 2nd period - Goal by Pasi Salonen - National : 2 - River Rats : 4.
17:54 of 2nd period - Mikael Backlund wins face-off versus Tyler Bozak in neutral zone.
17:57 of 2nd period - Pierre-Cédric Labrie is hit by Erik Gustafsson and loses puck.
18:20 of 2nd period - Snap shot by Tomas Kubalik.
18:20 of 2nd period - Stopped by Keith Kinkaid with a rebound.
18:22 of 2nd period - Wrist shot by Patrick Maroon.
18:22 of 2nd period - Deflect By Kellan Lain.
18:22 of 2nd period - Goal by Kellan Lain - National : 2 - River Rats : 5.
18:22 of 2nd period - Tyler Plante enters game.
18:23 of 2nd period - Tyler Bozak wins face-off versus Mikael Backlund in neutral zone.
18:36 of 2nd period - Snap shot by Brett Maclean.
18:36 of 2nd period - Stopped by Tyler Plante with a rebound.
18:38 of 2nd period - Slapshot by Justin Schultz.
18:38 of 2nd period - Shot Misses the Net.
18:53 of 2nd period - Snap shot by Jonathan Cheechoo.
18:53 of 2nd period - Shot Misses the Net.
18:55 of 2nd period - Slapshot by Janne Niskala.
18:55 of 2nd period - Stopped by Braden Holtby without a rebound.
18:56 of 2nd period - Peter Mueller wins face-off versus Cédric Lalonde-McNicoll in River Rats zone.
19:09 of 2nd period - Snap shot by Jonathan Cheechoo.
19:09 of 2nd period - Shot Blocked by Peter Mueller.
19:23 of 2nd period - Philip Larsen is hit by Martin Grenier.
19:42 of 2nd period - Off-side.
19:43 of 2nd period - David Desharnais wins face-off versus Jamie Arniel in neutral zone.
19:50 of 2nd period - Snap shot by David Desharnais.
19:50 of 2nd period - Deflect By Johannes Salmonsson.
19:50 of 2nd period - Shot Misses the Net.
19:50 of 2nd period - Puck is out of play.
19:51 of 2nd period - Peter Mueller wins face-off versus Mikael Backlund in River Rats zone.
Goals for this period are 2 for National vs 4 for River Rats.
Shots for this period are 12 for National vs 16 for River Rats.

3rd period


0:01 of 3rd period - Tyler Bozak wins face-off versus Rico Fata in neutral zone.
0:12 of 3rd period - Slapshot by Justin Schultz.
0:12 of 3rd period - Stopped by Tyler Plante without a rebound.
0:13 of 3rd period - Peter Mueller wins face-off versus Mikael Backlund in National zone.
0:40 of 3rd period - Jonathan Cheechoo is hit by Justin Schultz and loses puck.
2:15 of 3rd period - Pavel Valentenko is hit by Cédric Lalonde-McNicoll and loses puck.
2:20 of 3rd period - Snap shot by Jonathan Cheechoo.
2:20 of 3rd period - Shot Misses the Net.
2:22 of 3rd period - Slapshot by Ty Wishart.
2:22 of 3rd period - Stopped by Braden Holtby without a rebound.
2:23 of 3rd period - Mikael Backlund wins face-off versus Tyler Bozak in River Rats zone.
4:19 of 3rd period - Slapshot by Jonathan Cheechoo.
4:19 of 3rd period - Stopped by Braden Holtby with a rebound.
4:21 of 3rd period - Slapshot by Pasi Salonen.
4:21 of 3rd period - Stopped by Braden Holtby without a rebound.
4:22 of 3rd period - Mikael Backlund wins face-off versus Jamie Arniel in River Rats zone.
4:27 of 3rd period - Snap shot by Guillaume Desbiens.
4:27 of 3rd period - Shot Blocked by Jamie Arniel.
4:29 of 3rd period - Snap shot by Guillaume Desbiens.
4:29 of 3rd period - Stopped by Braden Holtby without a rebound.
4:30 of 3rd period - Tyler Bozak wins face-off versus Mikael Backlund in River Rats zone.
4:37 of 3rd period - Snap shot by Rico Fata.
4:37 of 3rd period - Shot Blocked by Michael Del Zotto.
4:39 of 3rd period - Snap shot by Guillaume Desbiens.
4:39 of 3rd period - Goal by Guillaume Desbiens - National : 3 - River Rats : 5.
4:40 of 3rd period - Tyler Bozak wins face-off versus Mikael Backlund in neutral zone.
4:45 of 3rd period - Mikael Backlund is hit by Andrej Meszaros and loses puck.
4:50 of 3rd period - Snap shot by Tyler Bozak.
4:50 of 3rd period - Shot Blocked by Janne Niskala.
4:52 of 3rd period - Wrist shot by Tyler Bozak.
4:52 of 3rd period - Stopped by Tyler Plante without a rebound.
4:53 of 3rd period - Mikael Backlund wins face-off versus Peter Mueller in National zone.
4:58 of 3rd period - Snap shot by Mikael Backlund.
4:58 of 3rd period - Shot Misses the Net.
5:02 of 3rd period - Snap shot by Rico Fata.
5:02 of 3rd period - Stopped by Braden Holtby without a rebound.
5:03 of 3rd period - Mikael Backlund wins face-off versus Pierre-Cédric Labrie in River Rats zone.
5:17 of 3rd period - Snap shot by Mikael Backlund.
5:17 of 3rd period - Shot Misses the Net.
5:19 of 3rd period - Snap shot by Guillaume Desbiens.
5:19 of 3rd period - Stopped by Braden Holtby without a rebound.
5:20 of 3rd period - Brett Maclean wins face-off versus Cédric Lalonde-McNicoll in River Rats zone.
5:20 of 3rd period - Brett Maclean is hit by Jonathan Cheechoo.
5:32 of 3rd period - Snap shot by Jonathan Cheechoo.
5:32 of 3rd period - Shot Misses the Net.
5:43 of 3rd period - Icing by Cédric Lalonde-McNicoll.
5:44 of 3rd period - Cédric Lalonde-McNicoll wins face-off versus Kellan Lain in National zone.
5:44 of 3rd period - Janne Niskala is hit by Patrick Maroon and loses puck.
5:53 of 3rd period - Wrist shot by Guillaume Desbiens.
5:53 of 3rd period - Shot Misses the Net.
5:55 of 3rd period - Slapshot by Erik Gustafsson.
5:55 of 3rd period - Shot Misses the Net.
6:41 of 3rd period - Wrist shot by Tyler Bozak.
6:41 of 3rd period - Goal by Tyler Bozak - National : 3 - River Rats : 6.
6:42 of 3rd period - Mikael Backlund wins face-off versus Peter Mueller in neutral zone.
7:40 of 3rd period - Wrist shot by Jamie Arniel.
7:40 of 3rd period - Shot Blocked by Dustin Kohn.
9:02 of 3rd period - Snap shot by Pasi Salonen.
9:02 of 3rd period - Stopped by Braden Holtby with a rebound.
9:07 of 3rd period - Minor Penalty to Michael Del Zotto for Tripping.
9:08 of 3rd period - Jamie Arniel wins face-off versus Mikael Backlund in River Rats zone.
9:08 of 3rd period - Jamie Arniel is hit by Rico Fata.
9:23 of 3rd period - Slapshot by Rico Fata.
9:23 of 3rd period - Stopped by Braden Holtby with a rebound.
9:41 of 3rd period - Matt Jones is hit by Pasi Salonen and loses puck.
9:51 of 3rd period - Off-side.
9:52 of 3rd period - Tyler Bozak wins face-off versus Mikael Backlund in neutral zone.
9:57 of 3rd period - Snap shot by Tyler Bozak.
9:57 of 3rd period - Shot Misses the Net.
10:46 of 3rd period - Icing by Guillaume Desbiens.
10:47 of 3rd period - Mikael Backlund wins face-off versus Jamie Arniel in National zone.
10:47 of 3rd period - Mikael Backlund is hit by Andrej Meszaros.
10:52 of 3rd period - Off-side.
10:53 of 3rd period - Cédric Lalonde-McNicoll wins face-off versus Jamie Arniel in neutral zone.
11:00 of 3rd period - Slapshot by Janne Niskala.
11:00 of 3rd period - Stopped by Braden Holtby with a rebound.
11:02 of 3rd period - Slapshot by Janne Niskala.
11:02 of 3rd period - Shot Misses the Net.
11:04 of 3rd period - Snap shot by Pasi Salonen.
11:04 of 3rd period - Stopped by Braden Holtby without a rebound.
11:05 of 3rd period - Mikael Backlund wins face-off versus Jamie Arniel in River Rats zone.
11:07 of 3rd period - Penalty to Michael Del Zotto is over, Michael Del Zotto is back on ice.
11:10 of 3rd period - Snap shot by Mikael Backlund.
11:10 of 3rd period - Deflect By Guillaume Desbiens.
11:10 of 3rd period - Shot Misses the Net.
11:10 of 3rd period - Puck is out of play.
11:11 of 3rd period - Brett Maclean wins face-off versus Mikael Backlund in River Rats zone.
11:13 of 3rd period - Minor Penalty to Tyler Bozak for Holding.
11:14 of 3rd period - Mikael Backlund wins face-off versus Pierre-Cédric Labrie in River Rats zone.
13:13 of 3rd period - Penalty to Tyler Bozak is over, Tyler Bozak is back on ice.
13:59 of 3rd period - Kellan Lain is hit by Philip Larsen and loses puck.
14:48 of 3rd period - Cédric Lalonde-McNicoll is hit by Jamie Arniel and loses puck.
15:14 of 3rd period - Icing by Erik Gustafsson.
15:15 of 3rd period - David Desharnais wins face-off versus Tomas Kubalik in National zone.
15:42 of 3rd period - Steve Quailer is hit by Rico Fata and loses puck.
16:23 of 3rd period - Cédric Lalonde-McNicoll is hit by Kellan Lain and loses puck.
16:40 of 3rd period - Wrist shot by Jamie Arniel.
16:40 of 3rd period - Goal by Jamie Arniel - National : 3 - River Rats : 7.
16:41 of 3rd period - Pierre-Cédric Labrie wins face-off versus Mikael Backlund in neutral zone.
16:46 of 3rd period - Mikael Backlund is hit by Tyler Bozak and loses puck.
17:11 of 3rd period - Wrist shot by Kellan Lain.
17:11 of 3rd period - Stopped by Tyler Plante without a rebound.
17:12 of 3rd period - Kellan Lain wins face-off versus Cédric Lalonde-McNicoll in National zone.
17:19 of 3rd period - Slapshot by Michael Del Zotto.
17:19 of 3rd period - Stopped by Tyler Plante with a rebound.
17:27 of 3rd period - Wrist shot by Pasi Salonen.
17:27 of 3rd period - Goal by Pasi Salonen - National : 4 - River Rats : 7.
17:28 of 3rd period - Tyler Bozak wins face-off versus Mikael Backlund in neutral zone.
17:35 of 3rd period - Snap shot by Tyler Bozak.
17:35 of 3rd period - Goal by Tyler Bozak - National : 4 - River Rats : 8.
17:36 of 3rd period - Tyler Bozak wins face-off versus Mikael Backlund in neutral zone.
17:39 of 3rd period - Slapshot by Andrej Meszaros.
17:39 of 3rd period - Stopped by Tyler Plante without a rebound.
17:40 of 3rd period - Tyler Bozak wins face-off versus Mikael Backlund in National zone.
17:51 of 3rd period - Snap shot by Tyler Bozak.
17:51 of 3rd period - Shot Misses the Net.
18:14 of 3rd period - Slapshot by Erik Gustafsson.
18:14 of 3rd period - Shot Misses the Net.
18:28 of 3rd period - Slapshot by David Desharnais.
18:28 of 3rd period - Shot Misses the Net.
18:30 of 3rd period - Wrist shot by Pat Dwyer.
18:30 of 3rd period - Shot Blocked by Justin Schultz.
18:32 of 3rd period - Snap shot by Johannes Salmonsson.
18:32 of 3rd period - Stopped by Braden Holtby without a rebound.
18:33 of 3rd period - Mikael Backlund wins face-off versus Tyler Bozak in River Rats zone.
19:19 of 3rd period - Off-side.
19:20 of 3rd period - David Desharnais wins face-off versus Jamie Arniel in neutral zone.
Goals for this period are 2 for National vs 3 for River Rats.
Shots for this period are 13 for National vs 8 for River Rats.


Output by the SimonT Hockey Simulator (STHS) for François Prévost -- Original Page W3C XHTML 1.0 Valid
Hockey Simulator - Hockey Simulation - Hockey Manager